 Dungeon Sprint DCSS version 0.15-a0-1224-g3833f9c (webtiles) character file.

46 Infinimo the Ruinous (level 3, -5/24 HPs)
             Began as a Mummy Conjurer on June 1, 2014.
             Was an Initiate of Vehumet.
             Killed from afar by a deep elf conjurer (8 damage)
             ... with a bolt of cold
             ... in the Dungeon (Sprint V: "Ziggurat Sprint").
             The game lasted 00:01:03 (144 turns).

Infinimo the Ruinous (Mummy Conjurer)                Turns: 144, Time: 00:01:03

HP  -5/24        AC  2     Str 11      XL: 3   Next: 46%
MP   6/6         EV 12     Int 15      God: Vehumet [......]
Gold 0           SH  0     Dex 12      Spells:  1 memorised,  5 levels left

rFire  x . .     SeeInvis .     x - +4,+8 shillelagh "Devastator"
rCold  + . .     Clarity  .     a - +0 robe
rNeg   + + +     rCorr    .     (no shield)
rPois  +         rRot     +     (no helmet)
rElec  .         Spirit   .     (no cloak)
SustAb .         Warding  .     (no gloves)
rMut   .         NoTele   +     (no boots)
Gourm  .                        (no amulet)
MR     .....                    (no ring)
                                (no ring)

@: not resistant to hostile enchantments, unstealthy
A: no food or potions, fire vulnerability, restore body, cold resistance 1, life
protection 3, poison resistance, torment resistance, unbreathing
a: Renounce Religion


You were in the Dungeon.
You worshipped Vehumet.
Vehumet was noncommittal.
You were not hungry.

You visited 1 branch

Inventory:

Hand weapons
 x - the +4,+8 shillelagh "Devastator" (weapon)
   (You found it in the Dungeon)
Armour
 a - a +0 robe (worn)
 v - a +3 buckler
 w - the +18 shield of the gong {rElec rN+ MR+ EV-5}
   (You found it in the Dungeon)

   It affects your evasion (-5).
   It insulates you from electricity.
   It protects you from negative energy.
   It affects your resistance to hostile enchantments.
Magical devices
 j - a wand of disintegration (7)
 s - a wand of cold (5)
 t - a wand of draining (5)
 u - a wand of fire (4)
Scrolls
 b - 4 scrolls of amnesia
 d - 3 scrolls of recharging
 e - 7 scrolls of fog
 f - 5 scrolls of identify
 g - 5 scrolls of remove curse
 h - 4 scrolls of blinking
 i - 2 scrolls of fear
Jewellery
 k - a +6 ring of dexterity
 l - a +6 ring of dexterity
 m - a +6 ring of intelligence
 n - a +6 ring of intelligence
 o - a +6 ring of strength
 p - a +6 ring of strength
Books
 c - a book of Conjurations

   Spells                             Type                      Level
   *Magic Dart                        Conjuration                  1
   Searing Ray                        Conjuration                  2
   Dazzling Spray                     Conjuration/Hexes            3
   Fulminant Prism                    Conjuration/Hexes            4
   Iskenderun's Mystic Blast          Conjuration                  4
   Iskenderun's Battlesphere          Conjuration/Charms           5
 y - a book of Air

   Spells                             Type                      Level
   Shock                              Conjuration/Air              1
   Swiftness                          Charms/Air                   2
   Repel Missiles                     Charms/Air                   2
   Flight                             Charms/Air                   3
   Static Discharge                   Conjuration/Air              3
   Lightning Bolt                     Conjuration/Air              5
Magical staves
 q - an uncursed staff of energy
Miscellaneous
 r - a crystal ball of energy


   Skills:
 - Level 1.5 Dodging
 - Level 1.5 Stealth
 - Level 2.0 Spellcasting
 + Level 6.7 Conjurations


You had 5 spell levels left.
You knew the following spells:

 Your Spells              Type           Power        Failure   Level  Hunger
a - Magic Dart            Conj           ###.         1%          1    N/A

Dungeon Overview and Level Annotations

Branches:
Dungeon (1/1)

Altars:
Ashenzari
Cheibriados
Dithmenos
Elyvilon
Fedhas
Gozag
Kikubaaqudgha
Makhleb
Nemelex Xobeh
Okawaru
Qazlal
Sif Muna
Trog
Vehumet
Xom
Yredelemnul
Zin
The Shining One
Beogh
Jiyva
Lugonu


Innate Abilities, Weirdness & Mutations

You do not eat or drink.
Your flesh is vulnerable to fire.
Your flesh is cold resistant.
You are immune to negative energy.
Your system is resistant to poisons.
You are immune to unholy pain and torment.
You can survive without breathing.


Message History

The deep elf knight gestures at you while chanting.
The puff of flame hits you! The fire burns you terribly!
The deep elf conjurer casts a spell at you.
The bolt of cold hits you! You resist.
Ouch! That really hurt!
* * * LOW HITPOINT WARNING * * *
You can't drink.
Evoke which item? (* to show all) (? for menu, Esc to quit)
Zapping:
u - a wand of fire (5)
Press: ? - help, Shift-Dir - straight line, f - deep elf conjurer
Aim: a deep elf conjurer, wielding a short sword The bolt of fire hits the deep elf conjurer.
The deep elf conjurer is heavily wounded.
This wand has 4 charges left.
The deep elf knight gestures wildly while chanting.
The deep elf knight flickers and vanishes!
Deactivating autopickup; reactivate with Ctrl-A.
The deep elf conjurer casts a spell at you.
The bolt of cold hits you! You resist.
You die...

▓▓▓▓▓▓▓▓▓▓▓▓▓
▓.8©8.▓.8©8.▓
▓.eP{.▓.....▓
▓.....▓.[...▓
▓.....▓.....▓
▓.....▓.....▓
▓.....▓.....▓
▓..@..▓▓▓▓▓▓▓
▓▓▓▓▓▓▓


You could see a deep elf conjurer.

Vanquished Creatures
  An eye of draining (D)
  An ooze (D)
2 creatures vanquished.

Vanquished Creatures (others)
  A spatial maelstrom (D)
1 creature vanquished.

Grand Total: 3 creatures vanquished

Notes
Turn   | Place    | Note
--------------------------------------------------------------
     0 | D        | Infinimo, the Mummy Conjurer, began the quest for the Orb.
     0 | D        | Reached XP level 1. HP: 13/13 MP: 3/3
     0 | D        | Found an ancient bone altar of Kikubaaqudgha.
     1 | D        | Found a basalt altar of Yredelemnul.
     1 | D        | Found an iron altar of Okawaru.
     2 | D        | Found a radiant altar of Vehumet.
     2 | D        | Found a shimmering altar of Xom.
     2 | D        | Banished a spatial maelstrom
     4 | D        | Found a burning altar of Makhleb.
    13 | D        | Found a corrupted altar of Lugonu.
    13 | D        | Found a white marble altar of Elyvilon.
    13 | D        | Found a deep blue altar of Sif Muna.
    14 | D        | Found a roughly hewn altar of Beogh.
    14 | D        | Found a sparkling altar of Nemelex Xobeh.
    20 | D        | Found a bloodstained altar of Trog.
    40 | D        | Became a worshipper of Vehumet
    78 | D        | Entered arena 1.
    78 | D        | Noticed an eye of draining
    88 | D        | Killed an eye of draining
    88 | D        | Reached skill level 6 in Conjurations
    88 | D        | Reached XP level 2. HP: 17/19 MP: 0/4
    88 | D        | Reached XP level 3. HP: 21/24 MP: 0/6
   143 | D        | Entered arena 2.
   143 | D        | Noticed a deep elf conjurer
   143 | D        | Noticed a deep elf knight
   144 | D        | Killed from afar by a deep elf conjurer

Action                   || total
-------------------------++-------
Melee: Shillelagh        ||     8
Evoke: Wand              ||     1
